Map: Acid Plant LE

Players

Teuca

  • Race: Terran Terran
  • League: Diamond
  • Spawn Location: 11:00

Woogie - Winner!

  • Race: Zerg Zerg
  • League: Diamond
  • Spawn Location: 5:00

VOD

Have the link to the VOD?

Description

Watched PiG's analysis of Snute's ZvT Rule of 1 gas. I think I took my Evos a bit early, but other than that, I'm very happy with the way I played this game. Was starting to get really worried when my opponent started to clear my creep spread on both the mid right and bottom left. Quickly separated my lings on multiple hotkeys to not move my entire army once I figured out he wanted to drop in multiple places. Was able to macro and get up to Hive and Ultra just in time before he got my 4th.

Time

  • Played on: Sept. 6, 2018, 10:18 a.m.
  • Length: 14:55
Show
View Real Time Build Order
Export as new Build Order

Teuca Terran 

Build Orders: Reaper Expand, MMM Bio 

Get SALT Encoding   

  12  0:01  SCV  
  13  0:13  SCV  
  14  0:17  Supply Depot  
  14  0:25  SCV  
  15  0:39  SCV  
  15  0:40  Barracks  
  16  0:44  Refinery  
  16  0:51  SCV  
  17  1:03  SCV  
  18  1:15  SCV  
  19  1:27  Reaper  
  19  1:28  Orbital Command  
  20  1:43  Command Center  
  20  1:56  SCV  
  21  2:07  Barracks Reactor  
  21  2:09  SCV  
  21  2:13  Barracks, Supply Depot  
  22  2:16  Refinery  
  22  2:21  SCV  
  23  2:27  Factory  
  23  2:35  SCV  
  23  2:44  Marine  
  23  2:45  Marine  
  26  2:51  SCV  
  26  3:02  Barracks Tech Lab  
  26  3:03  SCV  
  27  3:09  Marine x2  
  28  3:15  SCV  
  28  3:17  Factory Reactor  
  29  3:20  Starport  
  29  3:27  Marine x2  
  29  3:28  Orbital Command  
  29  3:30  SCV  
  32  3:34  Stimpack, Marine  
  33  3:45  Marine x2, SCV  
  36  3:53  SCV  
  36  3:55  Marine  
  37  3:57  SCV  
  39  4:03  Marine  
  39  4:04  Medivac x2, Supply Depot  
  39  4:07  Factory Tech Lab  
  39  4:09  Marine  
  45  4:17  SCV  
  46  4:26  Marine x2, SCV  
  46  4:28  Supply Depot  
  50  4:31  SCV  
  50  4:32  Supply Depot  
  50  4:34  Siege Tank  
  53  4:38  SCV  
  54  4:50  Marine x3  
  54  4:51  SCV x2  
  59  4:58  Viking  
  61  5:03  SCV  
  61  5:04  SCV  
  63  5:07  Marine  
  63  5:08  Command Center  
  64  5:14  Marine  
  64  5:15  Marine, SCV  
  64  5:16  SCV  
  68  5:23  Barracks  
  68  5:35  SCV x2  
  69  5:38  Engineering Bay  
  69  5:41  Supply Depot  
  69  5:42  Marine, Engineering Bay  
  70  5:54  Marine  
  70  6:02  Siege Tank, Marine  
  74  6:05  SCV x2  
  74  6:08  Refinery x2  
  74  6:09  Terran Infantry Armor Level 1, Terran Infantry Weapons Level 1  
  76  6:12  Supply Depot  
  76  6:13  Supply Depot  
  76  6:14  Marine x2, Barracks Reactor  
  78  6:19  Medivac  
  78  6:20  Marine, SCV x2  
  83  6:32  Marine, SCV  
  85  6:45  Supply Depot  
  85  6:46  Marine x2  
  87  6:47  Siege Tank  
  87  6:50  Marine  
  87  6:53  Marine x2  
  93  6:55  Armory  
  93  6:56  SCV x2  
  93  6:58  Orbital Command  
  95  7:04  Marine x2  
  95  7:08  Supply Depot  
  97  7:26  SCV x3  
  100  7:32  Supply Depot  
  100  7:33  Marine x5  
  100  7:34  Supply Depot  
  105  7:38  SCV x2, Barracks  
  105  7:39  SCV, Barracks  
  108  7:51  Marine  
  107  8:12  Marine x4  
  105  8:13  Siege Tank, Marine  
  105  8:14  Medivac x2  
  105  8:19  SCV x3  
  119  8:21  Terran Infantry Armor Level 2, Terran Infantry Weapons Level 2  
  119  8:22  Refinery  
  119  8:29  Supply Depot  
  119  8:30  Marine x2  
  119  8:31  Marine x3, SCV x3  
  127  8:34  Barracks Reactor  
  127  8:35  Barracks Reactor  
  127  8:42  Factory  
  127  8:43  SCV  
  127  8:48  Marine  
  113  8:58  Marine x4  
  120  9:05  Marine  
  119  9:15  Marine  
  119  9:16  Marine x2  
  120  9:19  Siege Tank  
  120  9:22  Marine x5  
  112  9:36  Marine  
  112  9:37  Marine x3  
  116  9:39  Medivac x2  
  116  9:40  Marine x4, SCV x3  
  116  9:44  Supply Depot, Refinery  
  127  9:46  Terran Vehicle And Ship Armor Level 1  
  127  9:48  Combat Shields  
  127  9:52  SCV x2, Factory Tech Lab  
  132  10:07  Supply Depot  
  132  10:13  SCV x3  
  135  10:25  Command Center, SCV  
  136  10:37  SCV  
  136  10:38  SCV x2  
  140  10:50  SCV x2  
  141  11:00  Marine x5  
  141  11:01  Marine x3, Marauder  
  141  11:02  Siege Tank  
  152  11:18  Marine x7  
  154  11:19  Marine  
  154  11:22  Marauder  
  134  11:34  Siege Tank  
  133  11:47  Siege Tank  
  129  11:55  Medivac x2  
  129  11:57  Marine x5  
  129  11:58  Marine x4  
  129  12:00  Planetary Fortress  
  136  12:01  SCV x3  
  136  12:05  Command Center  
  138  12:10  Barracks  
  138  12:12  Barracks  
  138  12:13  SCV x2  
  138  12:14  SCV  
  138  12:15  Marine x7  
  141  12:16  Marine, Marauder, Starport  
  141  12:17  Factory  
  146  12:25  Medivac x2, SCV  
  133  12:32  Marine x2  
  133  12:33  Marine  
  102  12:38  Marauder  
  92  12:55  Viking  
  92  13:34  Siege Tank  
Show
View Real Time Build Order
Export as new Build Order

Woogie Zerg - Winner!

Build Orders: Hatch First 

Get SALT Encoding   

  12  0:00  Drone  
  13  0:12  Overlord  
  13  0:18  Drone  
  14  0:30  Drone x2  
  14  0:35  Drone  
  17  0:54  Hatchery  
  16  0:57  Drone  
  17  1:13  Spawning Pool  
  16  1:18  Extractor  
  16  1:20  Drone  
  16  1:21  Drone  
  16  1:24  Extractor  
  16  1:25  Drone  
  17  1:31  Drone  
  19  1:45  Drone  
  20  1:56  Overlord  
  20  2:03  Extractor  
  20  2:05  Drone  
  20  2:11  Queen x2  
  25  2:23  Drone x2  
  28  2:30  Drone x2  
  29  2:37  Metabolic Boost  
  28  2:52  Queen x2  
  32  3:05  Zergling x2  
  33  3:07  Hatchery  
  33  3:10  Extractor  
  31  3:14  Overlord  
  31  3:15  Drone  
  32  3:22  Drone x2  
  34  3:36  Overlord  
  34  3:37  Drone x5  
  39  3:49  Evolution Chamber  
  39  3:52  Evolution Chamber  
  37  3:59  Drone  
  37  4:00  Drone x4  
  42  4:10  Overlord  
  42  4:12  Drone x3  
  42  4:16  Extractor x2, Zerg Ground Armor Level 1  
  43  4:19  Drone x3  
  46  4:38  Drone x6  
  50  4:45  Zerg Melee Weapons Level 1  
  52  4:58  Zergling x2  
  52  4:59  Zergling x14  
  60  5:08  Drone  
  60  5:09  Drone x5  
  64  5:35  Overlord x4  
  66  5:42  Lair, Queen  
  66  5:47  Hatchery  
  65  5:53  Queen  
  67  5:58  Hatchery  
  66  6:13  Overlord  
  66  6:15  Drone x5  
  66  6:16  Drone x3  
  66  6:17  Zergling x10  
  78  6:28  Baneling Nest  
  77  6:42  Drone x5  
  77  6:43  Drone x3  
  77  6:46  Extractor  
  84  6:48  Extractor  
  84  6:53  Overlord x5  
  83  6:55  Pneumatized Carapace  
  83  6:59  Infestation Pit, Spire  
  81  7:01  Extractor  
  81  7:02  Queen x3  
  86  7:25  Zerg Ground Armor Level 2, Zerg Melee Weapons Level 2  
  86  7:26  Centrifical Hooks  
  86  7:28  Zergling x8  
  86  7:29  Zergling x14  
  97  7:37  Queen  
  97  7:39  Baneling x7  
  97  7:41  Drone  
  97  7:42  Drone x6  
  103  8:08  Baneling x2  
  103  8:09  Baneling x4  
  102  8:14  Corruptor x3  
  102  8:15  Corruptor x2  
  102  8:17  Zergling x2  
  102  8:18  Zergling x14  
  120  8:20  Hive  
  120  8:25  Zerg Flyer Armor Level 1  
  93  8:55  Zergling x2  
  93  8:56  Zergling x38  
  101  9:26  Queen x4  
  101  9:29  Zergling x20  
  101  9:30  Zergling x22  
  119  9:43  Baneling x11  
  119  9:44  Baneling  
  119  9:57  Zerg Ground Armor Level 3, Zerg Melee Weapons Level 3  
  119  10:02  Queen x3  
  119  10:03  Queen  
  119  10:04  Overlord x4  
  119  10:05  Overlord x2  
  127  10:10  Ultralisk Cavern  
  126  10:25  Spore Crawler x2  
  124  10:38  Corruptor x3  
  124  10:39  Corruptor x2  
  115  11:37  Zergling x18  
  115  11:38  Zergling x6  
  123  11:40  Chitinous Plating  
  123  11:41  Ultralisk x3  
  123  11:42  Ultralisk x3  
  155  11:52  Zergling x2  
  155  11:53  Zergling x30  
  155  11:54  Zergling x8  
  166  12:10  Baneling  
  166  12:11  Baneling x2  
  166  12:12  Baneling x3  
  148  12:36  Zergling x2  
  131  12:37  Zergling x36  
  131  12:38  Zergling x4  
  141  12:48  Zergling x2  
  141  12:49  Zergling x10  
  141  13:08  Adrenal Glands  
  141  13:10  Hatchery  
  141  13:11  Greater Spire  
  141  13:26  Corruptor  
  141  13:27  Corruptor x5  
  141  13:39  Overlord  
  141  13:40  Overlord x2  
  141  13:43  Ultralisk x3  
  141  13:47  Extractor x2  
  141  14:26  Brood Lord  
  141  14:27  Brood Lord  
  141  14:29  Brood Lord  
Tags
 
Add a new tag
Caveats
  • Supply blocks, unpowered buildings, or Contaminate may cause inaccurate times.
  • Supply counts are checked every 10 seconds.